 Dungeon Crawl Stone Soup version 0.31-a0-949-g57150269e1 (webtiles) character file.

Game seed: 12850360722507506169

35 Fodor the Covered (level 3, 0/33 HPs)
             Began as a Minotaur Fighter on Oct 23, 2023.
             Slain by a worm (8 damage)
             ... on level 2 of the Dungeon.
             The game lasted 00:05:11 (1029 turns).

Fodor the Covered (Minotaur Fighter)                Turns: 1029, Time: 00:05:12

Health: 0/33       AC:  7    Str: 22    XL:     3   Next: 17%
Magic:  2/2        EV:  8    Int:  5    God:
Gold:   45         SH:  8    Dex:  9    Spells: 2/2 levels left

rFire   . . .        a - +0 long sword
rCold   . . .        h - +0 kite shield
rNeg    . . .        b - +0 scale mail
rPois   .            (helmet restricted)
rElec   .            (no cloak)
rCorr   .            (no gloves)
SInv    .            (no boots)
Will    .....        (no amulet) Stlth
                     (no ring)
HPRegen 0.25/turn    (no ring)
MPRegen 0.08/turn

%: no passive effects
@: no status effects
A: horns 2, retaliatory headbutt
a: no special abilities


You were on level 2 of the Dungeon.
You visited 1 branch of the dungeon, and saw 2 of its levels.

You collected 45 gold pieces.

Inventory:

Hand Weapons
 a - a +0 long sword (weapon)
Missiles
 g - 6 poisoned darts (quivered)
Armour
 b - a +0 scale mail (worn)
 h - a +0 kite shield (worn)
Scrolls
 f - a scroll of enchant armour {unknown}
 i - a scroll of fear {unknown}
 j - a scroll of butterflies {unknown}
 k - a scroll of enchant weapon {unknown}
Potions
 c - a potion of degeneration {unknown}
 d - a potion of might
 e - a potion of berserk rage {unknown}


   Skills:
 + Level 4.1 Fighting
 + Level 2.7 Long Blades
 + Level 4.3 Armour
 + Level 4.0 Shields


You had 2 spell levels left.
You didn't know any spells.
Your spell library was empty.

Dungeon Overview and Level Annotations

Branches:
Dungeon (2/15)

Altars:


Innate Abilities, Weirdness & Mutations

You have a pair of horns on your head.
You reflexively headbutt those who attack you in melee.


Message History

The ball python bites you. You block the ball python's attack.
You barely miss the adder. The adder barely misses you.
You furiously retaliate!
You headbutt the adder! You block the adder's attack.
You hit the adder but do no damage.
The adder is severely wounded.
The adder bites you but does no damage. The adder bites you.
You slash the adder!
You kill the adder!
The ball python bites you. The ball python barely misses you.
You have reached level 3!
Your experience leads to an increase in your attributes!
Increase (S)trength, (I)ntelligence, or (D)exterity?
You feel stronger. x2
You completely miss the ball python. Your headbutt misses the ball python.
The ball python is moderately wounded.
You block the ball python's attack. The ball python closely misses you.
You hit the worm.
The worm is moderately wounded.
You barely miss the worm. Your headbutt misses the worm.
The worm is moderately wounded.
The worm bites you.
You hit the worm.
The worm is heavily wounded.
The worm bites you!
You hit the worm but do no damage.
The worm is moderately wounded.
The worm bites you.
You hit the worm.
The worm is moderately wounded.
You hit the worm. Your headbutt misses the worm.
The worm is heavily wounded.
The worm bites you.
You completely miss the worm.
The worm is heavily wounded.
The worm bites you.
* * * LOW HITPOINT WARNING * * *
You hit the worm.
The worm is heavily wounded.
The worm bites you!
You die...

..... ..#....#
..#....# ...K...
#....# #.....
####.#..#####.#..#
.......KSw@.......
#.......#####.....
........<.........
................ .
...#............
................
................
#..#....####+##.
.........


You could see a worm, a ball python and a kobold.

Vanquished Creatures
  An adder (D:2)
  A gnoll (D:1)
  An endoplasm (D:1)
  2 giant cockroaches (D:1)
  2 goblins (D:1)
  3 jackals (D:1)
  2 quokkas (D:1)
  A ball python (D:1)
  2 bats (D:1)
15 creatures vanquished.

Notes
Turn   | Place    | Note
-------+----------+-------------------------------------------
     0 | D:1      | Fodor the Minotaur Fighter began the quest for the Orb.
     0 | D:1      | Reached XP level 1. HP: 19/19 MP: 0/0
    50 | D:1      | Reached XP level 2. HP: 23/27 MP: 1/1
  1021 | D:2      | Reached XP level 3. HP: 25/33 MP: 2/2
  1029 | D:2      | Slain by a worm

Illustrated notes

Levels and vault maps discovered:
D:1:      dpeg_arrival_shrine, layout_loops_corners
D:2:      layout_basic, serial_shops, nicolae_shop_crystal,
          minmay_misc_feat_rugged, uniq_robin

Skill      XL: |  1  2 |
---------------+-------+-----
Armour         | 4 |  4.3
Shields        | 4 |  4.0
Fighting       | 4 |  4.1
Long Blades    | |  2.7

Action                     || total
---------------------------++-------
  Melee: Long sword        ||    39
         Headbutt          ||     2
  Throw: Dart              ||     2
 Armour: Scale mail        ||    30
  Dodge: Dodged            ||    15
  Block: Buckler           ||     4
         Kite shield       ||     6

Table legend: (Time is in decaauts)
 A = Elapsed time spent in this place.
 B = Non-inter-level travel time spent in this place.
 C = Inter-level travel time spent in this place.
 D = Time resting spent in this place.
 E = Time spent auto-exploring this place.
 F = Levels seen in this place.
 G = Mean time per level.
                   A        B        C        D        E       F      G
               +--------+--------+--------+--------+--------+-----+--------+
         Total |   1043 |   1028 |     15 |      0 |      0 |   2 |  521.5 |
       Dungeon |   1043 |   1028 |     15 |      0 |      0 |   2 |  521.5 |
               +--------+--------+--------+--------+--------+-----+--------+

Top non-repeatable levels by time:
     D:1: 1018 daAuts
     D:2: 25 daAuts
